AoeStats
← WizardinBlack74

Arabia

504362110Analyzed
2v2 RM · 28d ago on Sep 5, 2026· 50m 36s· 4 players
Game mode
Random Map
Map size
Medium (4 player)
Population
200
Speed
Normal
Resources
Standard
Victory
Conquest
Starting age
Dark Age
Ending age
Imperial Age
RankedLock teamsTeams togetherTeam positionsShared explorationLock speedFull tech treeHidden civsTurbo modeCheats
Victory
Defeat
🇦🇷 Maya · Argentina
459
+12
🇮🇩 Aztecs · Indonesia
269
+20
🇺🇸 Byzantines · United States
357
-16
🇺🇸 Japanese · United States
357
-16
GibranRakatiwing
10:08 Feudal Age
10:28 Man-at-Arms
11:44 Horse Collar
14:46 Gold Mining
17:41 Arson
19:02 Fletching
19:59 Forging
22:05 Padded Archer Armor
22:06 Scale Mail Armor
27:12 Stone Mining
30:27 Castle Age
30:44 Crossbowman
31:15 Gambesons
30:52 Long Swordsman
31:39 Bodkin Arrow
32:21 Iron Casting
34:12 Chain Mail Armor
34:44 Heavy Plow
35:21 Gold Shaft Mining
34:33 Double-Bit Axe
35:06 Leather Archer Armor
35:28 Bow Saw
36:40 Ballistics
35:59 Pikeman
36:41 Squires
41:05 Atonement
41:29 Sanctity
44:35 Imperial Age
42:17 Atlatl
41:44 Elite Skirmisher
44:42 Devotion
44:40 Herbal Medicine
44:57 Fervor
SxGxLx_
2:57 Loom
13:32 Feudal Age
15:45 Wheelbarrow
15:00 Double-Bit Axe
15:28 Horse Collar
18:43 Gold Mining
19:51 Stone Mining
20:09 Arson
20:37 Forging
25:09 Castle Age
22:34 Man-at-Arms
24:02 Scale Mail Armor
25:24 Fletching
25:35 Padded Archer Armor
25:59 Thumb Ring
26:25 Eagle Warrior
28:27 Iron Casting
28:26 Crossbowman
29:22 Squires
29:52 Heavy Plow
30:37 Caravan
31:46 Bow Saw
31:08 Long Swordsman
33:27 Chain Mail Armor
33:08 Bodkin Arrow
33:28 Leather Archer Armor
34:51 Hand Cart
37:05 Stone Shaft Mining
36:21 Town Watch
37:05 Leather Archer Armor
36:13 Elite Skirmisher
36:18 Pikeman
37:18 Town Patrol
37:44 Treadmill Crane
38:25 Ballistics
41:16 Masonry
44:12 Imperial Age
42:30 Hul'che Javelineers
45:56 Chemistry
45:13 Elite Plumed Archer
47:49 Two-Man Saw
48:28 Crop Rotation
47:46 Elite Eagle Warrior
48:42 Arbalester
50:29 Conscription
Witchinblack6
13:28 Feudal Age
14:07 Double-Bit Axe
19:06 Man-at-Arms
25:50 Scale Mail Armor
36:34 Fletching
38:48 Castle Age
WizardinBlack74
21:05 Feudal Age
Connection lost

Rejoining the realm…

Still unreachable

The connection could not be restored.

Session expired

The server has moved on; the page needs a fresh start.